 Dungeon Crawl Stone Soup version 0.28.0-1-gb440e238dd (webtiles) character file.

Game seed: 15508235934806306332

7206 unlimited1921 the Thaumaturge (level 11, -2/78 HPs)
             Began as a Djinni Fire Elementalist on Feb 27, 2022.
             Engulfed by a cloud of flame (12 damage)
             ... on level 7 of the Dungeon.
             The game lasted 01:09:57 (15497 turns).

unlimited1921 the Thaumaturge (DjFE)               Turns: 15497, Time: 01:09:58

Health: -2/78      AC:  6    Str: 13    XL:     11   Next: 32%
Gold:   485        EV: 15    Int: 21    God:
                   SH:  0    Dex: 14

rFire   + . .      SeeInvis .   A - +3 war axe (protect)
rCold   x . .      Faith    .   (no shield)
rNeg    + + .      Spirit   .   B - +1 robe of the Evening {rF- Regen+ Str+6}
rPois   ∞          Reflect  .   l - +1 helmet
rElec   .          Harm     .   (no cloak)
rCorr   .          Rampage  .   i - +0 pair of gloves
Will    +....                   (boots unavailable)
Stlth   ++........              (no amulet)
HPRegen 1.03/turn               E - ring of positive energy
MPRegen 0.00/turn               I - ring of positive energy

@: flying
A: sickness immunity, fire resistance 2, cold vulnerability 1, float, innate
caster, HP casting, extra vitality 1
a: no special abilities


You were on level 7 of the Dungeon.
You visited 1 branch of the dungeon, and saw 7 of its levels.

You collected 485 gold pieces.

Inventory:

Hand Weapons
 d - a +0 dagger
 o - a +0 mace
 p - a +0 hand axe
 s - a +0 short sword
 v - a +0 hunting sling
 w - a +2 whip of venom
 A - a +3 war axe of protection (weapon)
 D - a +0 arbalest
 G - a +1 vorpal dire flail
 H - a +2 hand crossbow of flaming
 L - a +0 war axe
Missiles
 c - 53 bolts
 e - 87 stones
 F - 13 sling bullets
 K - 6 boomerangs (quivered)
Armour
 i - a +0 pair of gloves (worn)
 l - a +1 helmet (worn)
 y - a +1 ring mail of cold resistance
 B - the +1 robe of the Evening (worn) {rF- Regen+ Str+6}
   (You found it on level 5 of the Dungeon)

   Str:       It affects your strength (+6).
   rF:        It makes you vulnerable to fire.
   Regen:     It increases your rate of health regeneration.
Jewellery
 E - a ring of positive energy (left hand)
 I - a ring of positive energy (right hand)
Scrolls
 a - a scroll of teleportation {unknown}
 b - 2 scrolls of amnesia {unknown}
 g - 2 scrolls of fog {unknown}
 h - a scroll of immolation
 k - a scroll of fear
 n - a scroll of enchant armour
 r - a scroll of magic mapping
Potions
 f - 2 potions of resistance
 j - 2 potions of invisibility {unknown}
 m - 2 potions of lignification
 q - a potion of cancellation
 t - 2 potions of haste {unknown}
 u - 2 potions of might
 x - a potion of flight
 z - 2 potions of degeneration {unknown}
 C - a potion of brilliance
 J - a potion of heal wounds


   Skills:
 * Level 6.7 Fighting
 + Level 0.5 Short Blades
 + Level 2.8(3.6) Axes
 * Level 3.3(3.8) Maces & Flails
 + Level 0.5 Throwing
 * Level 7.4 Dodging
 + Level 3.6 Stealth
 + Level 9.7 Spellcasting
 + Level 0.2 Evocations


You had 2 spell levels left.
You knew the following spells:

 Your Spells              Type           Power      Damage    Failure   Level
a - Foxfire               Conj/Fire      100%       2x1d9     1%          1
b - Scorch                Fire           100%       2d10      1%          2
c - Conjure Flame         Conj/Fire      50%        6-21      1%          3
d - Inner Flame           Hex/Fire       50%        N/A       1%          3
e - Flame Wave            Conj/Fire      50%        2d10      1%          4
f - Animate Skeleton      Necr           100%       N/A       1%          1
g - Wereblood             Tmut           50%        N/A       1%          2
h - Vampiric Draining     Necr           50%        2d9       1%          3
i - Portal Projectile     Hex/Tloc       100%       N/A       1%          3
j - Iskenderun's Battles  Conj           50%        2d10      3%          5
Your spell library was empty.

Dungeon Overview and Level Annotations

Branches:
Dungeon (7/15)             Temple (0/1) D:7

Altars:
Fedhas
Ru
Trog
Uskayaw
Xom


Innate Abilities, Weirdness & Mutations

You are immune to sickness and miasma.
You are immune to poison.
Your flesh is very heat resistant. (rF++)
You are vulnerable to cold. (rC-)
You float through the air rather than walking.
You learn spells naturally, not from books.
Your magical power is your life essence.
You have superior vitality. (+4 MHP)


Message History

The kobold brigand explodes!
Casting: Scorch (safe; 1% risk of failure)
Confirm with . or Enter, or press ? or * to list all spells.
You can't see any susceptible monsters within range! (Use Z to cast anyway.)
Casting: Scorch (safe; 1% risk of failure)
Confirm with . or Enter, or press ? or * to list all spells.
Casting: Flame Wave (dangerous; 1% risk of failure)
Press: ? - help, Dir - look around, f - activate A wave of flame ripples out! (Press . to intensify the flame waves.)
Casting: Flame Wave (dangerous; 1% risk of failure)
Confirm with . or Enter, or press ? or * to list all spells.
Restarting spell: Flame Wave (dangerous; 1% risk of failure)
Press: ? - help, Dir - look around, f - activate A wave of flame ripples out! (Press . to intensify the flame waves.) Unknown command.
Casting: Flame Wave (dangerous; 1% risk of failure)
Confirm with . or Enter, or press ? or * to list all spells.
Restarting spell: Flame Wave (dangerous; 1% risk of failure)
Press: ? - help, Dir - look around, f - activate A wave of flame ripples out! (Press . to intensify the flame waves.)
A wave of flame ripples out!
The flame wave engulfs the kobold but does no damage.
A wave of flame ripples out!
The flame wave engulfs the kobold!
You finish channelling waves of flame.
The kobold explodes!
The fiery explosion engulfs you! You resist.
You are engulfed in blazing flames.
You resist.
You are engulfed in blazing flames.
You resist.
You are engulfed in blazing flames.
You resist.
You are engulfed in blazing flames.
You resist.
* * * LOW HITPOINT WARNING * * *
You are engulfed in blazing flames.
You resist.
* * * LOW HITPOINT WARNING * * *
You are engulfed in blazing flames.
You resist.
* * * LOW HITPOINT WARNING * * *
You are engulfed in blazing flames.
You resist.
You die...

..#..## ######...#.#.###### ##.
#.#...## #..⌠.###..# ##..
#......### ##.......## ###..#
#........#####.#.#.#.#.#####....#
.............#####'#####.........
#.........##..............##.....
##...[.....######.........###....
#.........# ##*......### ##...
##.........# #@#......# #...
#.........##○§#####..## ##..
##....<.....)# #### #..
##.........# ##. ....) #. ...) #.
... ## ... # #


You could see a friendly battlesphere.

Vanquished Creatures
  A hydra (D:7)
  A two-headed ogre (D:7)
  An ugly thing (D:7)
  A manticore (D:7)
  2 centaur zombies
  A gargoyle (D:5)
  A komodo dragon (D:7)
  2 slime creatures (D:7)
  A wyvern (D:7)
  2 water moccasins (D:7)
  3 sky beasts
  An ice beast (D:5)
  2 orc warriors (D:7)
  3 hornet zombies
  A necrophage (D:6)
  7 ogres
  A kobold brigand (D:7)
  4 bullfrogs
  A wyvern zombie (D:7)
  3 scorpions
  3 water moccasin zombies
  6 killer bees (D:6)
  A wight (D:7)
  4 howler monkeys
  7 hounds
  A bullfrog zombie (D:5)
  4 jellies
  An orc priest (D:3)
  2 centaur skeletons
  2 bullfrog skeletons
  5 iguanas
  2 orc wizards (D:7)
  A killer bee zombie (D:5)
  Robin (D:1)
  A howler monkey skeleton (D:4)
  8 gnolls
  4 adders
  2 white imps (D:7)
  4 worms
  2 dart slugs
  12 orcs
  13 ball pythons
  5 endoplasms
  15 goblins
  6 hobgoblins
  4 quokkas
  4 bats
  3 frilled lizards
  9 kobolds
  2 rats (D:2)
173 creatures vanquished.

Vanquished Creatures (others)
  410 foxfires
410 creatures vanquished.

Grand Total: 583 creatures vanquished

Notes
Turn   | Place    | Note
-------+----------+-------------------------------------------
     0 | D:1      | unlimited1921 the Djinni Fire Elementalist began the quest
                  | for the Orb.
     0 | D:1      | Reached XP level 1. HP: 15/15 MP: 0/0
   840 | D:1      | Reached XP level 2. HP: 19/21 MP: 0/0
  3143 | D:2      | Noticed Robin
  3146 | D:2      | Reached XP level 3. HP: 23/26 MP: 0/0
  3146 | D:2      | Learned a level 1 spell: Animate Skeleton
  3148 | D:2      | Reached skill level 1 in Fighting
  3159 | D:1      | Reached skill level 3 in Spellcasting
  3409 | D:1      | Killed Robin
  3723 | D:2      | Found a faded altar of an unknown god.
  3767 | D:2      | Noticed an ogre
  3771 | D:2      | Killed an ogre
  3772 | D:2      | Reached XP level 4. HP: 28/33 MP: 0/0
  3772 | D:2      | Reached XP level 5. HP: 32/38 MP: 0/0
  3772 | D:2      | Learned a level 2 spell: Wereblood
  6022 | D:3      | Found a sacrificial altar of Ru.
  6159 | D:3      | Reached XP level 6. HP: 35/43 MP: 0/0
  7507 | D:4      | Found a bloodstained altar of Trog.
  8436 | D:4      | Reached skill level 4 in Spellcasting
  8631 | D:4      | Found a shimmering altar of Xom.
  9816 | D:5      | Entered Level 5 of the Dungeon
  9838 | D:5      | Reached XP level 7. HP: 44/49 MP: 0/0
  9838 | D:5      | Learned a level 3 spell: Vampiric Draining
  9944 | D:5      | Identified the +1 robe of the Evening {rF- Regen+ Str+6}
 10012 | D:5      | Reached skill level 1 in Axes
 10980 | D:5      | Reached XP level 8. HP: 42/56 MP: 0/0
 11149 | D:5      | Reached skill level 5 in Spellcasting
 11515 | D:5      | Noticed a gargoyle
 11530 | D:5      | Killed a gargoyle
 11531 | D:5      | Reached skill level 5 in Dodging
 11531 | D:5      | Reached skill level 6 in Spellcasting
 11531 | D:5      | Reached XP level 9. HP: 22/63 MP: 0/0
 11531 | D:5      | Learned a level 3 spell: Portal Projectile
 12030 | D:6      | Reached skill level 7 in Spellcasting
 12038 | D:6      | Reached skill level 5 in Fighting
 12308 | D:6      | Reached XP level 10. HP: 67/70 MP: 0/0
 12650 | D:6      | Found a hide-covered altar of Uskayaw.
 12655 | D:6      | Found a blossoming altar of Fedhas.
 13188 | D:7      | Reached skill level 1 in Maces & Flails
 13188 | D:7      | Reached skill level 8 in Spellcasting
 13644 | D:7      | Noticed a komodo dragon
 13658 | D:7      | Killed a komodo dragon
 13867 | D:7      | Noticed a brown ugly thing
 13877 | D:7      | Killed a brown ugly thing
 13889 | D:7      | Noticed a four-headed hydra
 13895 | D:7      | Noticed a manticore
 13897 | D:7      | Killed a four-headed hydra
 13898 | D:7      | Reached skill level 9 in Spellcasting
 13898 | D:7      | Reached XP level 11. HP: 17/76 MP: 0/0
 13898 | D:7      | Learned a level 5 spell: Iskenderun's Battlesphere
 13961 | D:7      | Killed a manticore
 14281 | D:7      | Found a staircase to the Ecumenical Temple.
 15162 | D:7      | Noticed a two-headed ogre
 15166 | D:7      | Killed a two-headed ogre
 15497 | D:7      | Engulfed by a cloud of flame

Illustrated notes

Levels and vault maps discovered:
D:1:      minmay_arrival_five_plusses, layout_basic, serial_co_window_serial,
          co_window_corner_a, co_window_paths_b, co_window_corner_a,
          co_window_paths_b, co_window_paths_a, co_window_2corner,
          co_window_broadway_a, co_window_paths_c, co_window_corner_b,
          co_window_broadway_c, co_window_corner_b, co_window_4corner_b,
          glass_columns_b, glass_columns_b, glass_columns_b, glass_columns_a,
          glass_columns_a
D:2:      layout_basic, ebering_ecumenical_altar_mist, uniq_robin
D:3:      layout_basic, mainiacjoe_overflow_boulevard, minmay_misc_feat_columns
D:4:      layout_basic, mainiacjoe_overflow_chevrons, lemuel_crystal_altar
D:5:      layout_basic, minmay_misc_feat_tiny, nzn_random_ring
D:6:      layout_basic, mainiacjoe_overflow_big_doors,
          cheibrodos_sewer_entry_bend
D:7:      minmay_the_grid_plus_closed [minmay_the_grid_mess,
          minmay_the_grid_zigzag_pyramid, minmay_the_grid_broken_lines,
          minmay_the_grid_tiny_cups, minmay_the_grid_prize_four_corners],
          layout_cave_pods, minmay_temple_entry_waves

Skill      XL: |  1  2  3  4  5  6  7  8  9 10 11 |
---------------+----------------------------------+-----
Fighting       | 1 2 3 4 5 6 |  6.7
Spellcasting   | 3 4 6 7 9 |  9.7
Stealth        | 2 3 |  3.6
Dodging        | 3 4 5 6 7 |  7.4
Axes           | 1 2 |  2.8
Maces & Flails | 2 3 |  3.3
Short Blades   | |  0.5
Throwing       | |  0.5
Evocations     | |  0.2

Action                   |  1- 3 |  4- 6 |  7- 9 | 10-12 || total
-------------------------+-------+-------+-------+-------++-------
Melee: Dagger            |     4 |       |       |       ||     4
       Hand axe          |       |    60 |       |       ||    60
       Punch             |       |     3 |       |       ||     3
       War axe           |       |       |     2 |    32 ||    34
Throw: Boomerang         |       |       |       |     5 ||     5
       Dart              |       |       |       |     2 ||     2
 Cast: Foxfire           |    64 |    83 |    32 |    86 ||   265
       Inner Flame       |     1 |    10 |    32 |    33 ||    76
       Wereblood         |       |     3 |       |     3 ||     6
       Scorch            |       |     5 |    50 |    46 ||   101
       Conjure Flame     |       |       |     1 |       ||     1
       Animate Skeleton  |       |       |     1 |       ||     1
       Portal Projectile |       |       |     4 |       ||     4
       Vampiric Draining |       |       |     2 |       ||     2
       Iskenderun's Batt |       |       |       |     9 ||     9
       Flame Wave        |       |       |       |     3 ||     3
Evoke: Wand              |       |       |       |     2 ||     2
  Use: Potion            |     1 |       |       |     9 ||    10
       Scroll            |       |     4 |     5 |     9 ||    18
 Stab: Sleeping          |       |     2 |       |       ||     2
Armor: Robe              |    12 |    12 |    10 |    48 ||    82
       Skin              |       |       |       |     9 ||     9
Dodge: Dodged            |    19 |    35 |    17 |    59 ||   130
